 Dungeon Crawl Stone Soup version 0.16-a0-4113-g7d8e295 (webtiles) character file.

109 Minkie the Conjurer (level 4, -3/24 HPs)
             Began as a Tengu Conjurer on Mar 1, 2015.
             Shot with a stone by a goblin (4 damage)
             ... on level 2 of the Dungeon.
             The game lasted 00:06:04 (1884 turns).

Minkie the Conjurer (Tengu Conjurer)                Turns: 1884, Time: 00:06:04

Health: -3/24      AC:  2    Str:  9    XL:     4   Next: 90%
Magic:  3/11       EV: 12    Int: 16    God:
Gold:   92         SH:  0    Dex: 14    Spells: 1 memorised, 9 levels left

rFire  . . .     SeeInvis .     e - +2 short sword (venom)
rCold  . . .     Clarity  .     a - +0 robe
rNeg   . . .     SustAb   .     (no shield)
rPois  .         Gourm    .     (helmet restricted)
rElec  .         Spirit   .     (no cloak)
rCorr  .         Warding  .     (no gloves)
rMut   .         Stasis   .     (boots unavailable)
MR     .....                    (no amulet)
Stlth  ++........               (no ring)
                                (no ring)

@: lethally poisoned (-3 -> -6), not resistant to hostile enchantments,
unstealthy
A: beak, talons 3
a: no special abilities


You were on level 2 of the Dungeon.
You were not hungry.

You visited 1 branch of the dungeon, and saw 2 of its levels.

You collected 92 gold pieces.

Inventory:

Hand weapons
 e - a +2 short sword of venom (weapon)
Missiles
 f - 18 poisoned needles
Armour
 a - a +0 robe (worn)
Scrolls
 g - 3 scrolls of magic mapping {unknown}
 h - a scroll of identify {unknown}
 i - 3 scrolls of remove curse {unknown}
 l - a scroll of noise {unknown}
 p - a scroll of immolation {unknown}
Potions
 d - 2 potions of agility {unknown}
 j - 2 potions of restore abilities {unknown}
 m - a potion of flight {unknown}
 n - a potion of poison {unknown}
 q - a potion of ambrosia {unknown}
 r - a potion of cure mutation {unknown}
Books
 c - a book of Conjurations

   Spells                             Type                      Level
   a - Magic Dart                     Conjuration                  1
   b - Searing Ray                    Conjuration                  2
   c - Dazzling Spray                 Conjuration/Hexes            3
   d - Fulminant Prism                Conjuration/Hexes            4
   e - Iskenderun's Mystic Blast      Conjuration                  4
   f - Iskenderun's Battlesphere      Conjuration/Charms           5
Comestibles
 b - 2 bread rations
 k - a meat ration
 o - 2 chunks of flesh


   Skills:
 - Level 2.1 Dodging
 - Level 2.0 Stealth
 + Level 3.5 Spellcasting
 + Level 6.7 Conjurations


You had 9 spell levels left.
You knew the following spells:

 Your Spells              Type           Power        Failure   Level  Hunger
a - Magic Dart            Conj           ###.         1%          1    None


Dungeon Overview and Level Annotations

Branches:
Dungeon (2/15)

Altars:
Trog


Innate Abilities, Weirdness & Mutations

You have a beak for a mouth.
You have claws for feet.


Message History

The adder barely misses you.
Casting: Magic Dart
Confirm with . or Enter, or press ? or * to list all spells.
Aiming: Magic Dart
Press: ? - help, Shift-Dir - straight line, f/p - adder
Aim: an adder (moderately wounded)
The magic dart hits the adder.
The adder is almost dead.
The adder bites you.
* * * LOW HITPOINT WARNING * * *
Casting: Magic Dart
Confirm with . or Enter, or press ? or * to list all spells.
Aiming: Magic Dart
Press: ? - help, Shift-Dir - straight line, f/p - adder
Aim: an adder (almost dead)
The magic dart hits the adder.
You kill the adder!
* * * LOW HITPOINT WARNING * * *
You feel sick.
The goblin shoots a stone.
The stone hits you.
You die...

.............###........#.######.
..#...#...#..# ##...##...........
..........<.......#####.#.######.
..#.#........................<.÷.
.##..................#....#######
## .........####..##.......# #. #
#........ ##....##..#.####.
.......####............##.
......[g(@..###.........##
##......#...............## .##.
.......####.##.........# ....
.##...S #.###..÷.....## ##..##.
#....####.#####.##.#..# #.......
##...#..........##..#.# #...#
#...............#†.(.# ....#
#...............†.#... ..#.#####
#............(†.†.#.#.


You could see a goblin.

Vanquished Creatures
  Ijyb (D:2)
  4 adders (D:2)
  8 bats
  A giant cockroach (D:2)
  5 goblins
  7 hobgoblins
  9 kobolds
  A quokka (D:2)
  2 ball pythons (D:1)
  3 giant geckos
  2 giant newts (D:2)
  4 jackals (D:2)
  4 rats
51 creatures vanquished.

Notes
Turn   | Place    | Note
--------------------------------------------------------------
     0 | D:1      | Minkie, the Tengu Conjurer, began the quest for the Orb.
     0 | D:1      | Reached XP level 1. HP: 10/10 MP: 3/3
   455 | D:1      | Reached XP level 2. HP: 15/15 MP: 2/6
  1077 | D:1      | Reached XP level 3. HP: 16/19 MP: 7/7
  1302 | D:2      | Reached skill level 6 in Conjurations
  1383 | D:2      | Noticed Ijyb
  1391 | D:2      | Killed Ijyb
  1394 | D:2      | Reached XP level 4. HP: 18/24 MP: 0/10
  1812 | D:2      | Found a bloodstained altar of Trog.
  1884 | D:2      | HP: 1/24 [poisoned by an adder]
  1884 | D:2      | Shot with a stone by a goblin

Action                   |  1- 3 |  4- 6 || total
-------------------------+-------+-------++-------
Melee: Unarmed           |     3 |       ||     3
       Short sword       |    15 |    12 ||    27
 Cast: Magic Dart        |    42 |    38 ||    80
 Stab: Sleeping          |     2 |       ||     2
  Eat: Chunk             |     2 |     1 ||     3
